Unix NetHack Version 5.0.0-0 post-release - last build May 23 2026 06:08:33 (1c0ff79ee797540d5714e4e18072db0edd9e58ae,branch:main).

Game began 2026-05-28 10:39:31, ended 2026-05-29 08:38:25.

FutureTim, lawful female human Valkyrie

                                               -------            --------
               ------------                    |.....|            |......|
               |..........|               #####....u..#          #[......|
            ###-...t....?..#        ------#    |.....|#          #|......|
           ##  |..........|#        |.<..|#####-.....|#          #--------
   ------- #   --.-.-------#        |....|#    -------#          #
   |)....| %     # #       #        |...[|#           #          #
   |.%...@O%      ####     #        |....%)           %          ###
   |.>...|          #      #         ....|#          ##            #
   -------          #  ##  ###        |---#          #             #
                   -.-.-.-----       ######         ##             #
                   |.........|        #             #              #
                   |..........##      #             #--------------#
                   |.........|####   ##             #|............|#
                   |.........|###########           #.....%....^..|#
                   |.........|#    --.--.--          |q............#
                   -----|---- ##   |......|          --------------
                        #######    |......|
                                   --------

FutureTim the Woman-at-arms  St:15 Dx:12 Co:18 In:9 Wi:14 Ch:7  Lawful
Dlvl:20 $:1116 HP:0(119) Pw:28(28) AC:-7 Xp:12 T:23345  Satiated Burdened Blind

Latest messages:
 It hits!
 It misses!
 It hits!
 It just misses!
 It just misses!
 It misses!
 It misses!
 It just misses!
 It misses!
 It misses!
 It misses!
 It misses!
 You destroy it!
 It misses!
 You hit it.
 You hit it.
 It misses!
 You destroy it!
 You try to feel what is lying here on the floor.
 You feel here a dwarf corpse.
 You feel clumsy!
 You haven't been working on reflexes lately.
 A mumak suddenly appears!
 It misses!
 You hit it.
 It misses!
 You destroy it!
 The phial crashes on your head and breaks into shards.
 You feel somewhat dizzy.
 You hit the ogre king.
 The ogre king hits!
 The ogre king hits!
 You feel less confused now.
 You hit the ogre king.
 The ogre king hits!
 You hit the ogre king.
 You hit the ogre king.
 The ogre king hits!
 The ogre king hits!
 You hit the ogre king.
 The ogre king hits!
 You hit the ogre king.
 The ogre king hits!
 The ogre king hits!
 You die...
 Do you want your possessions identified? [ynq] (y) y
 Do you want to see your attributes? [ynq] (y) y
 Do you want an account of creatures vanquished? [ynaq] (y) y
 Do you want to see your conduct and achievements? [ynq] (y) y
 Do you want to see the dungeon overview? [ynq] (y) y

Inventory:
 Coins    ('$')
  $ - 1116 gold pieces
 Amulets  ('"')
  g - an uncursed amulet of magical breathing
 Weapons  (')')
  w - the +3 Orcrist (weapon in right hand)
 Armor    ('[')
  N - an uncursed +2 pair of leather gloves (being worn)
  V - an uncursed rusty +0 pair of iron shoes (being worn)
  c - an uncursed very burnt +3 small shield (being worn)
  D - a blessed burnt +3 cloak of invisibility (being worn)
  h - an uncursed +0 crystal plate mail (being worn)
 Comestibles  ('%')
  L - 11 uncursed food rations
  X - 14 uncursed tripe rations
 Scrolls  ('?')
  B - an uncursed scroll of remove curse
  H - an uncursed scroll of teleportation
 Potions  ('!')
  A - a cursed potion of confusion
  z - an uncursed potion of gain ability
  G - a blessed potion of healing
 Rings    ('=')
  t - an uncursed ring of conflict
  Q - an uncursed ring of searching (on right hand)
  K - an uncursed ring of see invisible
  i - an uncursed ring of slow digestion
  r - an uncursed ring of slow digestion
  I - an uncursed ring of stealth (on left hand)
 Wands    ('/')
  v - a wand of create monster (0:14)
  U - a wand of digging (0:3)
  P - a wand of light (0:12)
  C - a wand of lightning (0:4)
  u - a wand of polymorph (0:6)
  Z - a wand of slow monster (0:4)
  E - a blessed wand of striking (0:1)
  W - a wand of teleportation (0:8)
 Tools    ('(')
  S - an uncursed blindfold (being worn)
  n - an uncursed oil lamp
  p - a corroded +0 pick-axe
  k - an uncursed skeleton key
  o - an uncursed towel
  F - a +0 unicorn horn

FutureTim the Valkyrie's attributes:

Background:
 You were a Woman-at-arms, a level 12 human Valkyrie.
 You were lawful, on a mission for Tyr
 who was opposed by Odin (neutral) and Loki (chaotic).
 You were right-handed.
 You were in the Dungeons of Doom, on level 20.
 You entered the dungeon 23345 turns ago.
 You had 25458 experience points, 14542 more were needed to attain level 13.

Basics:
 You had 0 out of 119 hit points.
 You had all 28 energy points (spell power).
 Your armor class was -7.
 Your wallet contained 1116 zorkmids.
 Autopickup was off.

Final Characteristics:
 Your strength was 15 (peak:18/01, limit:18/100).
 Your dexterity was 12 (peak:14, limit:18).
 Your constitution was 18 (limit:18).
 Your intelligence was 9 (limit:18).
 Your wisdom was 14 (limit:18).
 Your charisma was 7 (limit:18).

Final Status:
 You were deliberately blind.
 You were satiated.
 You were burdened; movement was slightly slowed.
 You were wielding a broadsword.
 You were skilled in broadsword.

Final Attributes:
 You were piously aligned.
 You were cold resistant.
 You were telepathic.
 You were aware of the presence of orcs.
 You had automatic searching.
 You were invisible.
 You were stealthy.
 You were guarded.
 You were fast.
 You are dead.

Miscellaneous:
 You didn't encounter any bones levels.
 Total elapsed playing time was 6 hours, 24 minutes and 26 seconds.

Major events:
 Turn
    1: FutureTim the lawful human Valkyrie entered the dungeon
 1123: attained the rank of Skirmisher (level 3)
 1818: entered the Gnomish Mines
 3148: attained the rank of Fighter (level 6)
 3635: reached Mine Town
 6150: attained the rank of Woman-at-arms (level 10)
10334: found Orcrist on the floor
17944: entered Home 1, the Quest
23345: killed by an ogre king

Spells:
 Name                 Level Category     Fail Retention
 force bolt             1   attack        61%    (gone)
 extra healing          3   healing      100%    1%-25%

Skills:
 Fighting Skills
   bare handed combat [Unskilled]
   two weapon combat  [Unskilled]
   riding             [Unskilled]
 Weapon Skills
   dagger             [Basic]
   axe                [Unskilled]
   pick-axe           [Unskilled]
   short sword        [Unskilled]
   broadsword         [Skilled]
   long sword         [Unskilled]
   two-handed sword   [Unskilled]
   saber              [Unskilled]
   hammer             [Unskilled]
   quarterstaff       [Unskilled]
   polearms           [Unskilled]
   spear              [Expert]
   trident            [Unskilled]
   lance              [Unskilled]
   sling              [Unskilled]
 Spellcasting Skills
   attack spells      [Unskilled]
   escape spells      [Unskilled]

Voluntary challenges:
 Character rerolling was not enabled.
 You never genocided any monsters.
 You never polymorphed an object.
 You never changed form.
 You used no wishes.
Achievements:
 You entered a shop.
 You attained the rank of Skirmisher.
 You entered the Gnomish Mines.
 You attained the rank of Fighter.
 You entered Minetown.
 You attained the rank of Woman-at-arms.
 You entered a temple.

 The Dungeons of Doom: levels 1 to 22
    Level 1:
       A fountain.
    Level 2:
       A scroll shop, an altar, some fountains.
    Level 3:
       An altar to Tyr.
    Level 4:
       A general store, some fountains.
       Stairs down to The Gnomish Mines.
    Level 5:
       Some fountains, a sink.
    Level 6:
       A bookstore.
    Level 7:
       A food shop.
    Level 8:
       Many fountains.
       Oracle of Delphi.
    Level 9:
       A temple and many altars, a fountain.
    Level 10:
       Some fountains.
    Level 11:
       A fountain.
    Level 12:
       A throne, a grave.
    Level 13:
       Some fountains.
    Level 14:
       A fountain, many graves.
    Level 15:
       A temple and an altar, a fountain, a grave.
       Summoned by the Norn.
       Portal to The Quest.
    Level 16:
       A primitive area.
    Level 17:
       A weapon shop, a fountain.
    Level 18:
    Level 19:
    Level 20: <- You were here.
       Final resting place for
          you, killed by an ogre king.
    Level 21:
       Some fountains.
    Level 22:
 The Gnomish Mines: levels 5 to 13
    Level 5:
    Level 6:
    Level 7:
    Level 8:
       An altar, a fountain.
    Level 9:
    Level 10:
    Level 11:
    Level 12:
    Level 13:
       Some fountains.
 The Quest:
    Level 1:
       A fountain.
       Home.


Vanquished creatures:
  a titanothere
  a vampire leader
  a clay golem
  4 vampires
  a lieutenant
  8 ghosts
  a winged gargoyle
  a long worm
  3 ogre tyrants
  2 ice trolls
  a flesh golem
 an elven monarch
  a doppelganger
  2 large mimics
  2 stalkers
  a giant mummy
  a xorn
  2 giant zombies
 an elf-noble
  5 sergeants
  3 wargs
  a winter wolf
  7 small mimics
  a warhorse
  3 xans
  4 ettin mummies
  a quantum mechanic
 11 trolls
  a wood golem
  a gelatinous cube
  a large dog
  6 flaming spheres
  a shocking sphere
  2 large cats
  a tiger
  a dwarf ruler
 an ochre jelly
  4 leocrottas
 an energy vortex
 an elf mummy
  2 human mummies
  a python
  a pit viper
  9 wraiths
  a carnivorous ape
  5 ettin zombies
  a leather golem
  3 chameleons
  4 crocodiles
  3 giant beetles
  2 quivering blobs
  5 cockatrices
  6 wolves
  4 winter wolf cubs
  a gremlin
 12 leprechauns
  5 orc-captains
  2 iron piercers
  a mumak
  2 giant spiders
  2 horses
 an ice vortex
  5 black lights
  2 vampire bats
  a forest centaur
  4 gnome rulers
  3 orc mummies
  a dwarf mummy
  4 ogres
  a brown pudding
  4 owlbears
  a werewolf
  a Green-elf
  2 lizards
  a dog
  a housecat
  a dwarf leader
  2 gray unicorns
  3 black unicorns
  a dust vortex
  4 ravens
  4 plains centaurs
  a gnome mummy
  2 snakes
  8 apes
  2 human zombies
  6 Woodland-elves
  2 soldier ants
  a fire ant
 18 bugbears
 an imp
  2 quasits
  a wood nymph
 17 Mordor orcs
 11 Uruk-hai
  5 orc shamans
  5 rock piercers
  a rock mole
  3 fog clouds
  3 yellow lights
  2 shriekers
  a violet fungus
 17 gnome leaders
  7 gnomish wizards
  3 kobold mummies
  a guardian naga hatchling
  a gray ooze
  a barrow wight
  8 elf zombies
  2 ghouls
  a straw golem
  2 paper golems
  a baby crocodile
  7 giant ants
  2 little dogs
  7 floating eyes
  9 dwarves
  2 homunculi
  3 kobold leaders
  a kobold shaman
 20 hill orcs
  9 rothes
  2 centipedes
  4 giant bats
  2 monkeys
  4 orc zombies
 11 dwarf zombies
  2 werejackals
  2 iguanas
  4 killer bees
  2 acid blobs
  a coyote
  a gas spore
  a hobbit
  5 manes
 16 hobgoblins
  3 orcs
  3 giant rats
 14 cave spiders
  2 yellow molds
  a green mold
 66 gnomes
  4 garter snakes
  7 gnome zombies
  5 geckos
  9 jackals
  2 foxes
  a kobold
  6 goblins
  a sewer rat
  9 grid bugs
  2 bats
  6 lichens
  6 kobold zombies
  5 newts
616 creatures vanquished.

No species were genocided or became extinct.

Game over:
                       ----------
                      /          \
                     /    REST    \
                    /      IN      \
                   /     PEACE      \
                  /                  \
                  |    FutureTim     |
                  |     1116 Au      |
                  |   killed by an   |
                  |    ogre king     |
                  |                  |
                  |                  |
                  |       2026       |
                 *|     *  *  *      | *
        _________)/\\_//(\/(/\)/\//\/|_)_______

Farvel FutureTim the Valkyrie...

You died in The Dungeons of Doom on dungeon level 20 with 97017 points,
and 1116 pieces of gold, after 23345 moves.
You were level 12 with a maximum of 119 hit points when you died.

